 Dungeon Crawl Stone Soup version 0.19.1 (webtiles) character file.

38 Dfrag the Conjurer (level 3, 0/28 HPs)
             Began as a Naga Conjurer on Nov 29, 2016.
             Slain by Crazy Yiuf
             ... wielding a +2 quarterstaff of chaos
              (3 damage)
             ... on level 2 of the Dungeon.
             The game lasted 00:01:36 (1238 turns).

Dfrag the Conjurer (Naga Conjurer)                  Turns: 1238, Time: 00:01:39

Health: 0/28       AC:  2    Str: 10    XL:     3   Next: 43%
Magic:  3/7        EV: 10    Int: 16    God:
Gold:   160        SH:  0    Dex: 11    Spells: 1 memorised, 7 levels left

rFire  . . .     SeeInvis +     (no weapon)
rCold  . . .     Gourm    .     a - +0 robe
rNeg   . . .     Faith    .     (no shield)
rPois  +         Spirit   .     (no helmet)
rElec  .         Reflect  .     (no cloak)
rCorr  .         Harm     .     (no gloves)
MR     .....                    (no barding)
Stlth  ++........               (no amulet)
                                (no ring)
                                (no ring)

@: very slow
A: see invisible, deformed body, poison resistance, slowness 2, slow metabolism
1, spit poison 1, AC +1
a: Spit Poison


You were on level 2 of the Dungeon.
You were hungry.

You visited 1 branch of the dungeon, and saw 2 of its levels.

You collected 160 gold pieces.

Inventory:

Armour
 a - a +0 robe (worn)
Wands
 n - a wand of paralysis (14/24)
Scrolls
 e - 2 scrolls of identify {unknown}
 g - a scroll of magic mapping {unknown}
 h - 2 scrolls of remove curse {unknown}
 i - a scroll of recharging {unknown}
 k - a scroll of immolation {unknown}
 l - 2 scrolls of teleportation {unknown}
Potions
 d - a potion of curing {unknown}
 m - a potion of ambrosia {unknown}
 o - 2 potions of degeneration {unknown}
Books
 b - a book of Conjurations

   Spells                             Type                      Level
   a - Magic Dart                     Conjuration                  1
   b - Searing Ray                    Conjuration                  2
   c - Dazzling Spray                 Conjuration/Hexes            3
   d - Fulminant Prism                Conjuration/Hexes            4
   e - Iskenderun's Mystic Blast      Conjuration                  4
   f - Iskenderun's Battlesphere      Conjuration/Charms           5
Comestibles
 c - a bread ration
 f - 2 meat rations
 j - 5 fruits


   Skills:
 - Level 1.5 Dodging
 - Level 3.0 Stealth
 * Level 3.3 Spellcasting
 + Level 4.1 Conjurations


You had 7 spell levels left.
You knew the following spells:

 Your Spells              Type           Power        Failure   Level  Hunger
a - Magic Dart            Conj           ###.         4%          1    None


Dungeon Overview and Level Annotations

Branches:
Dungeon (2/15)

Altars:
Cheibriados

Annotations:
D:2 Crazy Yiuf


Innate Abilities, Weirdness & Mutations

You cannot wear boots.
Your serpentine skin is tough. (AC +1)
You have supernaturally acute eyesight. (SInv)
Armour fits poorly on your strangely shaped body.
Your system is resistant to poisons. (rPois)
You cover ground very slowly.
You have a slow metabolism.
You can spit poison.


Message History

Press: ? - help, Shift-Dir - straight line, f/p - Crazy Yiuf
Aim: Crazy Yiuf, wielding a quarterstaff of chaos and wearing a glowing cloak (moderately wounded, poisoned)
The magic dart hits Crazy Yiuf.
Crazy Yiuf is moderately wounded.
Crazy Yiuf hits you with a quarterstaff of chaos.
You can't do that yet.
Unknown command.
Unknown command.
Casting: Magic Dart
Confirm with . or Enter, or press ? or * to list all spells.
Aiming: Magic Dart
Press: ? - help, Shift-Dir - straight line, f/p - Crazy Yiuf
Aim: Crazy Yiuf, wielding a quarterstaff of chaos and wearing a glowing cloak (moderately wounded, poisoned)
The magic dart hits Crazy Yiuf.
Crazy Yiuf is moderately wounded.
You have got your breath back.
Crazy Yiuf looks more healthy.
Crazy Yiuf hits you with a quarterstaff of chaos!
* * * LOW HITPOINT WARNING * * *
You die...

..#.#(#.########..#######.#
<.#.#.#................##'###
....#.#######...............#
....#....# #############...#
...##..### #...# ....#..#
#...# ....#..# ### ♣♣##.###
#.#.#..# #)..#♣♣ ♣♣P....#
#.#.#..# #...g@♣♣♣♣.P....#
#.#.#..# #...#♣..♣.P.....#
..#)...# ### ♣♣♣.♣.P....#
#####.## ♣♣♣♣♣##..#
.(....#### #..#
######...########## #..#
#.......'.....# #.##
#.......####### #.# #.#######
..


You could see Crazy Yiuf.

Vanquished Creatures
  2 dart slugs (D:1)
  2 leopard geckos (D:1)
  A giant cockroach (D:2)
  4 goblins (D:1)
  4 hobgoblins (D:1)
  A quokka (D:2)
  5 bats (D:1)
  2 frilled lizards
  7 kobolds
  2 rats
30 creatures vanquished.

Notes
Turn   | Place    | Note
-------+----------+-------------------------------------------
     0 | D:1      | Dfrag the Naga Conjurer began the quest for the Orb.
     0 | D:1      | Reached XP level 1. HP: 15/15 MP: 3/3
   133 | D:1      | Reached XP level 2. HP: 7/22 MP: 0/5
   358 | D:1      | Reached XP level 3. HP: 16/28 MP: 4/7
  1034 | D:2      | Found a snail-covered altar of Cheibriados.
  1227 | D:2      | Found a runed door.
  1231 | D:2      | Noticed Crazy Yiuf
  1238 | D:2      | Slain by Crazy Yiuf

Skill      XL: |  1  2 |
---------------+-------+-----
Spellcasting   | 3 |  3.3
Dodging        | |  1.5
Stealth        | |  3.0
Conjurations   | |  4.1

Action                   || total
-------------------------++-------
Melee: Unarmed           ||     9
 Cast: Magic Dart        ||    35
 Abil: Spit Poison       ||    19
  Eat: Chunk             ||     1
Armor: Robe              ||     2
Dodge: Dodged            ||    14
